Map: Year Zero LE

Players

DnS - Winner!

  • Race: Protoss Protoss
  • Spawn Location: 1:00

RiSky

  • Race: Zerg Zerg
  • Spawn Location: 11:00

Event: 2019 WCS Spring

VOD

Have the link to the VOD?

Description

Time

  • Played on: May 17, 2019, 1:29 p.m.
  • Length: 10:25

All games in this series

Show
View Real Time Build Order
Export as new Build Order

DnS Protoss - Winner!

Build Orders: 1 Gate Expand, Oracle Opening, Phoenix Opening, Mass Phoenix 

Get SALT Encoding   

  12  0:00  Probe  
  13  0:12  Probe  
  14  0:18  Pylon  
  14  0:24  Probe  
  15  0:33  Probe  
  15  0:40  Gateway  
  15  0:41  Probe  
  16  0:48  Assimilator  
  17  0:50  Probe  
  18  1:03  Probe  
  19  1:15  Probe  
  20  1:26  Nexus  
  20  1:38  Cybernetics Core  
  20  1:42  Probe  
  21  1:48  Assimilator  
  22  1:54  Probe  
  22  1:58  Pylon  
  22  2:06  Probe, Adept  
  23  2:18  Probe  
  23  2:20  Stargate  
  26  2:27  Warp Gate  
  26  2:29  Probe  
  26  2:35  Probe  
  26  2:36  Adept  
  29  2:37  Probe  
  29  2:43  Probe  
  31  2:47  Probe  
  32  2:53  Probe  
  34  2:59  Phoenix, Probe  
  34  3:05  Probe  
  38  3:12  Probe  
  39  3:17  Probe  
  40  3:22  Oracle  
  40  3:24  Probe  
  44  3:29  Probe  
  44  3:33  Adept  
  45  3:34  Assimilator  
  45  3:35  Assimilator, Pylon  
  45  3:36  Probe  
  46  3:44  Gateway  
  46  3:50  Stargate  
  46  3:51  Probe  
  46  3:54  Probe  
  48  3:59  Probe  
  48  4:06  Phoenix, Probe  
  48  4:08  Probe, Pylon  
  52  4:16  Pylon  
  53  4:24  Probe  
  53  4:26  Probe  
  53  4:30  Zealot  
  57  4:34  Phoenix  
  57  4:36  Phoenix  
  61  4:46  Zealot  
  61  4:47  Probe  
  61  4:49  Pylon  
  64  4:53  Phoenix  
  64  5:00  Phoenix  
  68  5:09  Nexus  
  68  5:16  Probe x2, Pylon  
  68  5:19  Protoss Air Weapons Level 1  
  70  5:21  Phoenix  
  72  5:31  Phoenix  
  72  5:33  Probe x2  
  76  5:43  Phoenix  
  76  5:49  Probe x2  
  80  5:52  Phoenix, Pylon, Robotics Facility  
  80  5:55  Robotics Facility  
  80  6:01  Probe  
  83  6:04  Probe, Pylon  
  84  6:13  Probe  
  84  6:14  Zealot, Sentry  
  84  6:16  Probe  
  84  6:17  Shield Battery  
  92  6:25  Probe  
  92  6:31  Immortal  
  93  6:34  Immortal  
  93  6:35  Shield Battery, Void Ray  
  93  6:37  Shield Battery  
  103  7:00  Pylon  
  103  7:02  Stalker x2, Pylon  
  107  7:09  Void Ray  
  107  7:10  Immortal  
  107  7:15  Immortal  
  111  7:25  Zealot x2  
  111  7:29  Void Ray  
  113  7:31  Probe x2  
  115  7:49  Immortal  
  111  7:57  Probe  
  102  8:00  Probe x2  
  99  8:08  Immortal  
  99  8:09  Probe  
  97  8:12  Probe  
  97  8:13  Probe  
  98  8:21  Probe  
  98  8:25  Immortal, Probe x2  
  101  8:33  Probe  
  102  8:37  Probe x2  
  108  8:44  Observer  
  108  8:45  Sentry, Probe  
  108  8:46  Sentry  
  114  8:49  Probe x2  
  114  8:52  Phoenix  
  118  8:58  Probe  
  118  9:00  Twilight Council  
  118  9:01  Probe x2  
  118  9:02  Forge  
  121  9:10  Probe  
  121  9:13  Probe x2  
  124  9:17  Phoenix x2  
  124  9:22  Probe  
  125  9:25  Probe x2  
  131  9:34  Probe  
  131  9:37  Probe  
  133  9:45  Pylon  
  133  9:46  Pylon  
  133  9:47  Pylon  
  133  9:49  Pylon  
  133  10:01  Assimilator, Pylon  
  133  10:03  Probe x3  
  133  10:04  Assimilator  
  136  10:08  Fleet Beacon  
  136  10:09  Stargate  
  136  10:12  Gateway  
Show
View Real Time Build Order
Export as new Build Order

RiSky Zerg 

Build Orders: Hatch First 

Get SALT Encoding   

  12  0:00  Drone  
  13  0:13  Overlord  
  13  0:17  Drone  
  14  0:31  Drone x2  
  16  0:49  Hatchery  
  15  0:53  Drone  
  16  0:57  Drone  
  16  0:59  Drone  
  18  1:11  Extractor  
  18  1:15  Spawning Pool  
  18  1:17  Drone  
  17  1:21  Drone  
  18  1:28  Drone  
  19  1:39  Drone  
  20  1:55  Overlord  
  20  2:01  Queen x2  
  20  2:02  Zergling x4  
  26  2:12  Drone x2  
  26  2:14  Metabolic Boost  
  28  2:24  Drone x2  
  30  2:41  Hatchery  
  30  2:43  Drone  
  30  2:47  Queen  
  30  2:50  Drone  
  33  2:54  Overlord  
  33  2:58  Drone  
  33  3:00  Drone  
  33  3:02  Drone  
  36  3:15  Drone x4  
  36  3:17  Drone x2  
  41  3:20  Drone  
  41  3:23  Drone x2  
  42  3:28  Drone  
  43  3:35  Overlord  
  43  3:47  Overlord  
  43  3:52  Queen  
  43  3:53  Drone x2  
  43  3:54  Drone  
  48  3:56  Drone  
  48  4:00  Spore Crawler  
  48  4:01  Spore Crawler, Drone  
  48  4:02  Drone  
  49  4:06  Overlord  
  49  4:07  Drone x5  
  55  4:10  Drone  
  55  4:14  Drone  
  56  4:18  Drone  
  56  4:23  Queen  
  59  4:26  Overlord, Drone  
  59  4:27  Drone x3  
  59  4:29  Drone  
  59  4:30  Drone  
  65  4:34  Drone  
  65  4:35  Drone  
  65  4:38  Lair  
  66  4:42  Roach Warren  
  66  4:43  Zergling x2  
  66  4:44  Extractor  
  65  4:45  Zergling x2  
  65  4:46  Extractor, Zergling x2  
  65  4:49  Overlord  
  65  4:50  Zergling x2  
  67  4:53  Drone  
  67  4:57  Evolution Chamber, Extractor, Drone  
  67  4:58  Drone  
  68  5:02  Drone  
  70  5:07  Drone  
  70  5:09  Drone  
  70  5:10  Drone x3  
  70  5:11  Drone x2  
  70  5:12  Overlord  
  77  5:14  Drone  
  77  5:21  Overlord  
  77  5:24  Zergling x4  
  78  5:35  Roach x4  
  86  5:37  Glial Reconstitution, Extractor  
  86  5:38  Roach x2  
  86  5:41  Overlord  
  89  5:43  Overlord, Zerg Melee Weapons Level 1  
  89  5:44  Hydralisk Den  
  89  5:45  Roach  
  89  5:46  Roach  
  89  5:49  Overlord  
  91  5:50  Queen x2  
  91  5:52  Nydus Network  
  91  5:54  Spore Crawler  
  94  5:58  Roach x2  
  94  6:02  Spore Crawler, Roach x2  
  103  6:04  Roach  
  103  6:06  Queen  
  105  6:13  Roach x3  
  105  6:17  Roach x3  
  113  6:25  Queen  
  113  6:31  Queen  
  113  6:37  Overseer  
  111  6:42  Queen  
  111  6:45  Roach  
  111  6:47  Overlord x2, Nydus Canal  
  111  6:55  Overlord  
  107  7:03  Overlord  
  107  7:05  Queen  
  107  7:06  Overlord, Queen  
  111  7:14  Roach x7  
  121  7:18  Queen  
  121  7:20  Roach  
  119  7:24  Roach  
  119  7:26  Roach x2  
  127  7:30  Roach  
  127  7:31  Nydus Canal  
  127  7:32  Roach x2  
  127  7:35  Roach x3  
  135  7:39  Roach  
  135  7:41  Overlord  
  133  7:51  Nydus Canal  
  133  7:52  Overlord  
  133  7:54  Overlord  
  133  7:56  Queen  
  128  8:03  Queen x2  
  128  8:05  Roach x7, Overlord  
  127  8:16  Roach x3  
  117  8:21  Roach x3, Extractor, Spire  
  117  8:23  Nydus Canal  
  109  8:32  Queen  
  105  8:38  Queen  
  105  8:41  Nydus Canal  
  105  8:45  Queen  
  89  9:02  Spore Crawler  
  88  9:07  Queen  
  90  9:11  Hatchery  
  90  9:14  Queen  
  89  9:20  Queen  
  87  9:34  Corruptor x8  
  99  9:43  Queen, Corruptor  
  93  9:56  Mutalisk  
  93  9:57  Mutalisk x2  
  83  10:00  Mutalisk  
Tags
 
Add a new tag
Caveats
  • Supply blocks, unpowered buildings, or Contaminate may cause inaccurate times.
  • Supply counts are checked every 10 seconds.